 Dungeon Sprint DCSS version 0.19.5 (webtiles) character file.

1233 Azzok the Fighter (level 8, -7/80 HPs)
             Began as a Formicid Fighter on June 26, 2017.
             Mangled by an orc warrior
             ... wielding a +0 halberd
              (15 damage)
             ... in the Dungeon (Sprint IX: "|||||||||||||||||||||||||||||").
             The game lasted 00:02:02 (564 turns).

Azzok the Fighter (Formicid Fighter)                 Turns: 564, Time: 00:02:03

Health: -7/80      AC: 13    Str: 24      XL:     8   Next: 77%
Magic:  8/8        EV:  6    Int:  7      God:
Gold:   0          SH: 10    Dex: 12 (13) Spells: 0 memorised, 7 levels left

rFire  . . .     SeeInvis +     o - +4 quarterstaff (speed)
rCold  . . .     Gourm    .     q - +1 chain mail
rNeg   . . .     Faith    .     c - +0 shield
rPois  .         Spirit   .     (helmet unavailable)
rElec  .         Reflect  .     (no cloak)
rCorr  .         Harm     .     (no gloves)
MR     .....                    p - +0 pair of boots
Stlth  ..........               (no amulet)
                                s - +3 ring of dexterity
                                r - +2 ring of protection

@: very slow
A: permanent stasis, dig shafts and tunnels, four strong arms, antennae 3
a: Dig


You were in the Dungeon.
You were not hungry.

You visited 1 branch

Inventory:

Hand Weapons
 o - a +4 quarterstaff of speed (weapon)
Armour
 c - a +0 shield (worn)
 p - a +0 pair of boots (worn)
 q - a +1 chain mail (worn)
Jewellery
 r - a +2 ring of protection (left hand)
 s - a +3 ring of dexterity (right hand)
Wands
 n - a wand of lightning (7/15)
Scrolls
 l - 3 scrolls of remove curse
 m - 2 scrolls of amnesia
Potions
 d - a potion of invisibility
 e - 5 potions of curing
 g - 3 potions of heal wounds
 i - 4 potions of magic
Comestibles
 a - 2 chunks of flesh {@w0}
 f - a bread ration {@e1}


   Skills:
 + Level 13.9 Fighting
 + Level 12.7 Staves
 - Level 3.2 Armour
 - Level 3.6 Shields


You had 7 spell levels left.
You didn't know any spells.

Dungeon Overview and Level Annotations

Branches:
Dungeon (1/1)

Altars:
Cheibriados
Dithmenos
Elyvilon
Fedhas
Gozag
Hepliaklqana
Kikubaaqudgha
Makhleb
Nemelex Xobeh
Okawaru
Qazlal
Ru
Sif Muna
Trog
Uskayaw
Vehumet
Xom
Yredelemnul
Zin
The Shining One
Beogh
Jiyva
Lugonu


Innate Abilities, Weirdness & Mutations

You are under a permanent stasis effect.
You can dig through walls and to a lower floor.
Your four strong arms can wield two-handed weapons with a shield.
You have a pair of large antennae on your head. (SInv)


Message History

You kill the quasit!
You sock the crocodile!
The crocodile is heavily wounded.
The crocodile bites you.
* * * LOW HITPOINT WARNING * * *
You take 5 damage, and have 22/80 hp.
You barely miss the crocodile.
The crocodile is heavily wounded.
The orc warrior hits you from afar with a halberd!
* * * LOW HITPOINT WARNING * * *
You take 11 damage, and have 11/80 hp.
You closely miss the crocodile.
The crocodile is heavily wounded.
The crocodile bites you.
* * * LOW HITPOINT WARNING * * *
You take 3 damage, and have 8/80 hp.
You hit the crocodile.
The crocodile is heavily wounded.
The orc warrior hits you from afar with a halberd!
You die... { {{{{{{{ ▓▓▓▓▓▓▓▓▓▓▓▓▓▓▓▓▓▓▓▓▓▓▓ ╬···ot@)·····('(····)|· ▓▓▓▓▓▓▓▓▓▓▓▓▓▓▓▓▓▓▓▓▓▓▓

You could see an orc warrior and a crocodile.

Vanquished Creatures
  A hill giant (D)
  A cyclops (D)
  A wraith (D)
  An ogre (D)
  A hound (D)
  A jelly (D)
  An orc wizard (D)
  A quasit (D)
  An iguana (D)
  A worker ant (D)
  An adder (D)
  An adder zombie (D)
  A dart slug (D)
  2 orcs (D)
  A hobgoblin (D)
  2 jackals (D)
  A frilled lizard (D)
  A rat (D)
20 creatures vanquished.

Notes
Turn   | Place    | Note
-------+----------+-------------------------------------------
     0 | D        | Azzok the Formicid Fighter began the quest for the Orb.
     0 | D        | Reached XP level 1. HP: 18/18 MP: 1/1
    14 | D        | Reached skill level 4 in Fighting
    17 | D        | Reached XP level 2. HP: 19/26 MP: 2/2
   107 | D        | Noticed an ogre
   118 | D        | Reached skill level 6 in Fighting
   118 | D        | Reached XP level 3. HP: 16/34 MP: 3/3
   119 | D        | Reached skill level 5 in Staves
   123 | D        | Reached XP level 4. HP: 18/41 MP: 4/4
   127 | D        | Killed an ogre
   127 | D        | Reached skill level 8 in Fighting
   127 | D        | Reached XP level 5. HP: 19/51 MP: 5/5
   128 | D        | Reached skill level 9 in Fighting
   369 | D        | Found a roughly hewn altar of Beogh.
   369 | D        | Found a snail-covered altar of Cheibriados.
   369 | D        | Found a shadowy altar of Dithmenos.
   369 | D        | Found a white marble altar of Elyvilon.
   369 | D        | Found a blossoming altar of Fedhas.
   369 | D        | Found an opulent altar of Gozag.
   370 | D        | Found a hazy altar of Hepliaklqana.
   371 | D        | Found a viscous altar of Jiyva.
   372 | D        | Found an ancient bone altar of Kikubaaqudgha.
   373 | D        | Found a corrupted altar of Lugonu.
   375 | D        | Became a worshipper of Cheibriados the Contemplative
   377 | D        | Found a burning altar of Makhleb.
   378 | D        | Found a sparkling altar of Nemelex Xobeh.
   379 | D        | Found an iron altar of Okawaru.
   380 | D        | Found a stormy altar of Qazlal.
   381 | D        | Found a sacrificial altar of Ru.
   382 | D        | Found a deep blue altar of Sif Muna.
   383 | D        | Found a bloodstained altar of Trog.
   384 | D        | Found a hide-covered altar of Uskayaw.
   385 | D        | Found a radiant altar of Vehumet.
   386 | D        | Found a shimmering altar of Xom.
   387 | D        | Found a basalt altar of Yredelemnul.
   388 | D        | Found a glowing silver altar of Zin.
   389 | D        | Found a glowing golden altar of the Shining One.
   446 | D        | Noticed a wraith
   452 | D        | Reached XP level 6. HP: 59/59 MP: 6/6
   477 | D        | Killed a wraith
   477 | D        | Reached skill level 11 in Fighting
   477 | D        | Reached skill level 10 in Staves
   477 | D        | Reached XP level 7. HP: 58/68 MP: 7/7
   528 | D        | Noticed a cyclops
   528 | D        | Noticed a hill giant
   537 | D        | Killed a hill giant
   537 | D        | Reached skill level 13 in Fighting
   537 | D        | Reached XP level 8. HP: 79/79 MP: 8/8
   548 | D        | Fell from the grace of Cheibriados
   553 | D        | Killed a cyclops
   564 | D        | Mangled by an orc warrior

Skill      XL: |  1  2  3  4  5  6  7  8 |
---------------+-------------------------+-----
Fighting       | 4 6 8 9 11 13 | 13.9
Staves         | 3 4 5 7 8 10 11 12 | 12.7
Armour         | |  3.2
Shields        | |  3.6

Action                   |  1- 3 |  4- 6 |  7- 9 || total
-------------------------+-------+-------+-------++-------
Melee: Quarterstaff      |    29 |    34 |    34 ||    97
  Use: Potion            |     1 |       |       ||     1
Armor: Scale mail        |     7 |       |       ||     7
       Chain mail        |       |     6 |     6 ||    12
Dodge: Dodged            |     6 |     3 |     2 ||    11
Block: Shield            |    12 |     9 |     5 ||    26
